PCL
GRESHAM GOLD SOULS @ MEXICO CITY CERVECEROS
09/17/2028
 
TOP OF THE 1ST
Gresham Gold Souls batting - Pitching for Mexico City Cerveceros : RHP Darryl Carter
Pitching: RHP Darryl Carter
Batting: SHB Jesús Sosa 0-0: Called Strike
0-1: Ball
1-1: Fly out, F7 (Line Drive, 7)
Batting: RHB Tom Hughes 0-0: Ball
1-0: Ball
2-0: Foul Ball, location: 2F
2-1: SINGLE (Groundball, 56D)
Batting: LHB Chance Santry 0-0: Ball
1-0: Ball
2-0: Fielders Choice at 2nd, 6-4 (Groundball, 6M)
Batting: LHB Nick Scott 0-0: Ball
1-0: Ball
2-0: Ball
3-0: Base on Balls
Chance Santry to second
Batting: RHB Mario Méndez 0-0: Ball
1-0: Ball
2-0: Ball
3-0: Base on Balls
Chance Santry to third
Nick Scott to second
Batting: RHB Willie Houk 0-0: Ball
1-0: Ball
2-0: Called Strike
2-1: Fielders Choice at 2nd, 6-4 (Groundball, 6)
Top of the 1st over - 0 run(s), 1 hit(s), 0 error(s), 2 left on base; Gresham 0 - Mexico City 0
BOTTOM OF THE 1ST
Mexico City Cerveceros batting - Pitching for Gresham Gold Souls : RHP Isaac Coleman
Pitching: RHP Isaac Coleman
Batting: SHB Pancho Vásquez 0-0: Ball
1-0: Ball
2-0: Foul Ball, location: 2F
2-1: Ball
3-1: Base on Balls
Batting: SHB George Adams 0-0: Called Strike
0-1: Ball
1-1: Called Strike
1-2: SINGLE (Groundball, 56D)
Pancho Vásquez to second
Batting: RHB Lee Price 0-0: Ball
Pancho Vásquez steals 3rd base
George Adams to second
1-0: Ball
2-0: Ground out 6-3 (Groundball, 6)
Pancho Vásquez scores
George Adams to third
Batting: RHB Ray Ervin 0-0: Ball
1-0: SINGLE (Line Drive, 6MD)
George Adams scores
Batting: RHB John Dinkins 0-0: Called Strike
0-1: Ball
1-1: Ball
2-1: Fly out, F8 (Flyball, 8LS)
Batting: LHB Juan Torres 0-0: Called Strike
0-1: Ball
1-1: Fielders Choice at 2nd, 6-4 (Groundball, 6)
Bottom of the 1st over - 2 run(s), 2 hit(s), 0 error(s), 0 left on base; Gresham 0 - Mexico City 2
TOP OF THE 2ND
Gresham Gold Souls batting - Pitching for Mexico City Cerveceros : RHP Darryl Carter
Batting: RHB Matt Davidson 0-0: Ball
1-0: Ball
2-0: SINGLE (Groundball, 34S) (infield hit)
Batting: LHB Jeff Douglas 0-0: Called Strike
0-1: Swinging Strike
0-2: Foul Ball, location: 2F
0-2: Foul Ball, location: 2F
0-2: Ball
1-2: Ball
2-2: Foul Ball, location: 2F
2-2: Foul Ball, location: 2F
2-2: Foul Ball, location: 2F
2-2: Ball
3-2: Base on Balls
Matt Davidson to second
Batting: RHB David Kerr 0-0: Ball
1-0: Swinging Strike
1-1: Ball
2-1: Ball
3-1: Foul Ball, location: 2F
3-2: Base on Balls
Matt Davidson to third
Jeff Douglas to second
Batting: SHB Jesús Sosa 0-0: Called Strike
0-1: Ball
1-1: Swinging Strike
1-2: Ball
2-2: Foul Ball, location: 2F
2-2: Foul Ball, location: 2F
2-2: Strikes out looking
Batting: RHB Tom Hughes 0-0: Foul Ball, location: 2F
0-1: Ball
1-1: Called Strike
1-2: Ball
2-2: Ball
3-2: Foul Ball, location: 2F
3-2: Foul Ball, location: 2F
3-2: Foul Ball, location: 2F
3-2: Base on Balls
Matt Davidson scores
Jeff Douglas to third
David Kerr to second
Batting: LHB Chance Santry 0-0: Called Strike
0-1: Ball
1-1: Foul Ball, location: 2F
1-2: Foul Ball, location: 2F
1-2: Ball
2-2: SINGLE (Groundball, 4MS) (infield hit)
Jeff Douglas scores
David Kerr to third
Tom Hughes to second
Pinch Runner at 1st Bill Smith:
Batting: LHB Nick Scott 0-0: Ball
1-0: Ball
2-0: Ball
3-0: Called Strike
3-1: Base on Balls
David Kerr scores
Tom Hughes to third
Bill Smith to second
Batting: RHB Mario Méndez 0-0: SINGLE (Line Drive, 4M)
Tom Hughes scores
Bill Smith to third
Nick Scott to second
Runner from 3rd tries for Home, SAFE, throw made home
Batting: RHB Willie Houk 0-0: Ball
1-0: Called Strike
1-1: Fly out, F6 (Line Drive, 6)
Batting: RHB Matt Davidson 0-0: Ball
1-0: Ball
2-0: Called Strike
2-1: Foul Ball, location: 2F
2-2: Fly out, F8 (Flyball, 8RM)
Top of the 2nd over - 5 run(s), 3 hit(s), 0 error(s), 2 left on base; Gresham 5 - Mexico City 2
BOTTOM OF THE 2ND
Mexico City Cerveceros batting - Pitching for Gresham Gold Souls : RHP Isaac Coleman
Batting: LHB Brandon Cummings 0-0: Swinging Strike
0-1: Ground out 1-3 (Groundball, 15)
Batting: RHB Orlando González 0-0: Ball
1-0: Reached on error, E2 (Popup, 34S)
Batting: SHB Scott Compton 0-0: Called Strike
0-1: Ball
1-1: Ball
2-1: Ball
3-1: Base on Balls
Orlando González to second
Batting: SHB Pancho Vásquez 0-0: Ball
1-0: Fielders Choice at 2nd, 3-6 (Groundball, 3)
Orlando González to third
Batting: SHB George Adams 0-0: Ball
1-0: Ball
2-0: Called Strike
2-1: Called Strike
2-2: Ball
3-2: Ground out 5-3 (Groundball, 56)
Bottom of the 2nd over - 0 run(s), 0 hit(s), 1 error(s), 2 left on base; Gresham 5 - Mexico City 2
TOP OF THE 3RD
Gresham Gold Souls batting - Pitching for Mexico City Cerveceros : RHP Darryl Carter
Batting: LHB Jeff Douglas 0-0: Swinging Strike
0-1: Swinging Strike
0-2: Strikes out looking
Batting: RHB David Kerr 0-0: Called Strike
0-1: Ground out 5-3 (Groundball, 56)
Batting: SHB Jesús Sosa 0-0: Ball
1-0: Ball
2-0: Ball
3-0: Called Strike
3-1: Called Strike
3-2: Base on Balls
Batting: RHB Tom Hughes 0-0: Called Strike
0-1: Called Strike
0-2: Ball
1-2: Strikes out swinging
Top of the 3rd over - 0 run(s), 0 hit(s), 0 error(s), 1 left on base; Gresham 5 - Mexico City 2
BOTTOM OF THE 3RD
Mexico City Cerveceros batting - Pitching for Gresham Gold Souls : RHP Isaac Coleman
Batting: RHB Lee Price 0-0: Swinging Strike
0-1: Swinging Strike
0-2: Ball
1-2: SINGLE (Groundball, 56D)
Batting: RHB Ray Ervin 0-0: Ball
1-0: Ball
2-0: Grounds into double play, 5-4-3 (Groundball, 56)
Batting: RHB John Dinkins 0-0: Ground out 6-3 (Groundball, 6)
Bottom of the 3rd over - 0 run(s), 1 hit(s), 0 error(s), 0 left on base; Gresham 5 - Mexico City 2
TOP OF THE 4TH
Gresham Gold Souls batting - Pitching for Mexico City Cerveceros : RHP Darryl Carter
Pitching: RHP Raúl Gómez
Batting: LHB Bill Smith 0-0: Ball
1-0: Ball
2-0: Foul Ball, location: 2F
2-1: Ball
3-1: Fly out, F7 (Flyball, 7)
Batting: LHB Nick Scott 0-0: Called Strike
0-1: Ball
1-1: Ball
2-1: Ball
3-1: Foul Ball, location: 2F
3-2: Base on Balls
Batting: RHB Mario Méndez 0-0: Foul Ball, location: 2F
Pickoff Throw to First - Error! E1
Nick Scott to second
0-1: Swinging Strike
0-2: Ball
1-2: Foul Ball, location: 2F
1-2: Ball
2-2: Ball
3-2: Strikes out swinging
Batting: RHB Willie Houk 0-0: Ball
1-0: Foul Ball, location: 2F
1-1: Foul Ball, location: 2F
1-2: 2-RUN HOME RUN (Flyball, 7LD), Distance : 341 ft
Batting: RHB Matt Davidson 0-0: Foul Ball, location: 2F
0-1: Ball
1-1: Ball
2-1: Ball
3-1: Base on Balls
Batting: LHB Jeff Douglas 0-0: Ball
1-0: Ball
2-0: Ball
3-0: Base on Balls
Matt Davidson to second
Batting: RHB David Kerr 0-0: Fly out, F8 (Flyball, 8RM)
Top of the 4th over - 2 run(s), 1 hit(s), 1 error(s), 2 left on base; Gresham 7 - Mexico City 2
BOTTOM OF THE 4TH
Mexico City Cerveceros batting - Pitching for Gresham Gold Souls : RHP Isaac Coleman
Batting: LHB Juan Torres 0-0: Ground out 5-3 (Groundball, 5L)
Batting: LHB Brandon Cummings 0-0: Called Strike
0-1: Called Strike
0-2: SINGLE (Line Drive, 4MD)
Batting: RHB Orlando González 0-0: Swinging Strike
0-1: Ball
1-1: Ball
2-1: Foul Ball, location: 2F
2-2: Ball
3-2: Foul Ball, location: 2F
3-2: Strikes out swinging
Batting: SHB Scott Compton 0-0: Ball
1-0: Ball
2-0: Ball
3-0: Base on Balls
Brandon Cummings to second
Batting: SHB Pancho Vásquez 0-0: Foul Ball, location: 2F
0-1: SINGLE (Groundball, 4) (infield hit)
Brandon Cummings to third
Scott Compton to second
Batting: SHB George Adams 0-0: Called Strike
0-1: Ball
1-1: Ball
2-1: Ball
3-1: Foul Ball, location: 2F
3-2: Foul Ball, location: 2F
3-2: Base on Balls
Brandon Cummings scores
Scott Compton to third
Pancho Vásquez to second
Batting: RHB Lee Price 0-0: Ball
1-0: Swinging Strike
1-1: Foul Ball, location: 2F
1-2: Ball
2-2: SINGLE (Groundball, 56D)
Scott Compton scores
Pancho Vásquez to third
George Adams to second
Runner from 3rd tries for Home, SAFE, no throw
Batting: RHB Ray Ervin 0-0: Foul Ball, location: 2F
0-1: Called Strike
0-2: Ball
1-2: Fly out, F7 (Flyball, 7S)
Bottom of the 4th over - 3 run(s), 3 hit(s), 0 error(s), 2 left on base; Gresham 7 - Mexico City 5
TOP OF THE 5TH
Gresham Gold Souls batting - Pitching for Mexico City Cerveceros : RHP Raúl Gómez
Batting: SHB Jesús Sosa 0-0: Ball
1-0: Ball
2-0: Ball
3-0: Called Strike
3-1: Base on Balls
Batting: RHB Tom Hughes 0-0: Fielders Choice at 2nd, 1-6 (Groundball, 13S)
Batting: LHB Bill Smith 0-0: Ball
1-0: Ball
2-0: Called Strike
2-1: SINGLE (Flyball, 8LS)
Tom Hughes to second
Runner from 2nd tries for 3rd, SAFE, throw made to third
Batting: LHB Nick Scott 0-0: Ball
1-0: Called Strike
1-1: Called Strike
1-2: Strikes out looking
Batting: RHB Mario Méndez 0-0: Ball
1-0: Foul Ball, location: 2F
1-1: DOUBLE (Line Drive, 89S)
Tom Hughes scores
Bill Smith to third
Pitching: LHP Columbo Briatori
Batting: RHB Willie Houk 0-0: Ball
1-0: Foul Ball, location: 2F
1-1: Ball
2-1: Ball
3-1: Base on Balls
Batting: RHB Matt Davidson 0-0: Ground out 4-3 (Groundball, 4M)
Top of the 5th over - 1 run(s), 2 hit(s), 0 error(s), 3 left on base; Gresham 8 - Mexico City 5
BOTTOM OF THE 5TH
Mexico City Cerveceros batting - Pitching for Gresham Gold Souls : RHP Isaac Coleman
Pitching: RHP Pat Wyatt
Batting: RHB John Dinkins 0-0: Foul Ball, location: 2F
0-1: SINGLE (Groundball, 34D)
Batting: LHB Juan Torres 0-0: SINGLE (Flyball, 4D)
John Dinkins to second
Runner from 2nd tries for 3rd, SAFE, throw made to third
Batting: LHB Brandon Cummings 0-0: Ball
1-0: Ball
2-0: Ball
3-0: Base on Balls
Juan Torres to second
Batting: RHB Orlando González 0-0: Ball
1-0: Swinging Strike
1-1: Ball
2-1: Foul Ball, location: 2F
2-2: Ball
3-2: Base on Balls
John Dinkins scores
Juan Torres to third
Brandon Cummings to second
Batting: SHB Scott Compton 0-0: Foul Ball, location: 2F
0-1: Swinging Strike
0-2: SINGLE (Groundball, 4D)
Juan Torres scores
Brandon Cummings to third
Orlando González to second
Runner from 3rd tries for Home, SAFE, throw made home
Orlando González to third
Scott Compton to second
Pitching: RHP Fernando Gutiérrez
Batting: SHB Pancho Vásquez 0-0: Called Strike
0-1: SINGLE (Flyball, 8LS)
Orlando González scores
Scott Compton to third
Batting: SHB George Adams 0-0: Ball
1-0: Ball
2-0: Ball
3-0: Base on Balls
Pancho Vásquez to second
Batting: RHB Lee Price 0-0: Called Strike
0-1: Swinging Strike
0-2: Foul Ball, location: 2F
0-2: Foul Ball, location: 2F
0-2: Strikes out swinging
Batting: RHB Ray Ervin 0-0: Ball
1-0: Ball
2-0: Foul Ball, location: 2F
2-1: SINGLE (Groundball, 6MD)
Scott Compton scores
Pancho Vásquez to third
George Adams to second
Runner from 3rd tries for Home, SAFE, no throw
Batting: RHB John Dinkins 0-0: Called Strike
0-1: DOUBLE (Line Drive, 8RM)
George Adams scores
Ray Ervin to third
Batting: LHB Juan Torres 0-0: Ball
1-0: Swinging Strike
1-1: Ball
2-1: Ball
3-1: Base on Balls
Batting: LHB Brandon Cummings 0-0: Foul Ball, location: 2F
0-1: Ball
1-1: Foul Ball, location: 2F
1-2: Strikes out looking
Batting: RHB Orlando González 0-0: Ball
1-0: Called Strike
1-1: Fly out, F5 (Line Drive, 5)
Bottom of the 5th over - 7 run(s), 6 hit(s), 0 error(s), 3 left on base; Gresham 8 - Mexico City 12
TOP OF THE 6TH
Gresham Gold Souls batting - Pitching for Mexico City Cerveceros : LHP Columbo Briatori
Batting: LHB Jeff Douglas 0-0: Ball
1-0: Called Strike
1-1: Foul Ball, location: 2F
1-2: Ball
2-2: Strikes out looking and he ARGUES THE CALL AND IS TOSSED!
Batting: RHB David Kerr 0-0: Called Strike
0-1: Ball
1-1: Foul Ball, location: 2F
1-2: Strikes out looking
Batting: SHB Jesús Sosa 0-0: Foul Ball, location: 2F
0-1: Foul Ball, location: 2F
0-2: Ball
1-2: Ball
2-2: Foul Ball, location: 2F
2-2: Foul Ball, location: 2F
2-2: Strikes out looking
Top of the 6th over - 0 run(s), 0 hit(s), 0 error(s), 0 left on base; Gresham 8 - Mexico City 12
BOTTOM OF THE 6TH
Mexico City Cerveceros batting - Pitching for Gresham Gold Souls : RHP Fernando Gutiérrez
Pitching: LHP Shawn Taylor
Now in LF: Anthony Wells
Batting: SHB Scott Compton 0-0: Ball
1-0: Fly out, F6 (Popup, 6)
Batting: SHB Pancho Vásquez 0-0: Foul Ball, location: 2F
0-1: Called Strike
0-2: Ball
1-2: Ball
2-2: Ball
3-2: Base on Balls
Batting: SHB George Adams 0-0: Called Strike
Pancho Vásquez steals 2nd base
0-1: Called Strike
0-2: Ball
1-2: Ball
2-2: Fly out, F8 (Line Drive, 8RD)
Runner from 2nd tags up, SAFE at 3rd, no throw
Batting: RHB Lee Price 0-0: Foul Ball, location: 2F
0-1: SINGLE (Flyball, 8RS)
Pancho Vásquez scores
Batting: RHB Ray Ervin 0-0: Called Strike
Lee Price steals 2nd base
0-1: Ball
1-1: Ground out 6-3 (Groundball, 6MS)
Bottom of the 6th over - 1 run(s), 1 hit(s), 0 error(s), 1 left on base; Gresham 8 - Mexico City 13
TOP OF THE 7TH
Gresham Gold Souls batting - Pitching for Mexico City Cerveceros : LHP Columbo Briatori
Batting: RHB Tom Hughes 0-0: Ball
1-0: Swinging Strike
1-1: Foul Ball, location: 2F
1-2: Strikes out swinging
Batting: LHB Bill Smith 0-0: Ball
1-0: Called Strike
1-1: Ball
2-1: Called Strike
2-2: Foul Ball, location: 2F
2-2: Strikes out swinging
Batting: LHB Nick Scott 0-0: Ball
1-0: Ball
2-0: Ball
3-0: Called Strike
3-1: Base on Balls
Batting: RHB Mario Méndez 0-0: Ball
Nick Scott is caught stealing 2nd base
Top of the 7th over - 0 run(s), 0 hit(s), 0 error(s), 0 left on base; Gresham 8 - Mexico City 13
BOTTOM OF THE 7TH
Mexico City Cerveceros batting - Pitching for Gresham Gold Souls : LHP Shawn Taylor
Batting: RHB John Dinkins 0-0: Ball
1-0: Ground out 4-3 (Groundball, 4)
Batting: LHB Juan Torres 0-0: Foul Ball, location: 2F
0-1: Ball
1-1: Ball
2-1: Swinging Strike
2-2: Ball
3-2: Foul Ball, location: 2F
3-2: SOLO HOME RUN (Flyball, 9LD), Distance : 338 ft
Batting: LHB Brandon Cummings 0-0: Ball
1-0: Foul Ball, location: 2F
1-1: Ball
2-1: Called Strike
2-2: Foul Ball, location: 2F
2-2: Strikes out swinging
Batting: RHB Orlando González 0-0: Ball
1-0: Ball
2-0: Ball
3-0: Called Strike
3-1: Swinging Strike
3-2: Base on Balls
Batting: SHB Scott Compton 0-0: Called Strike
0-1: Ball
1-1: Ball
2-1: Fielders Choice at 2nd, 5-4 (Groundball, 5L)
Bottom of the 7th over - 1 run(s), 1 hit(s), 0 error(s), 0 left on base; Gresham 8 - Mexico City 14
TOP OF THE 8TH
Gresham Gold Souls batting - Pitching for Mexico City Cerveceros : LHP Columbo Briatori
Now at C: Fernando Garza
Batting: RHB Mario Méndez 0-0: Called Strike
0-1: Called Strike
0-2: Foul Ball, location: 2F
0-2: Ball
1-2: Foul Ball, location: 2F
1-2: Strikes out swinging
Pitching: RHP Troy Hawkins
Batting: RHB Willie Houk 0-0: Ball
1-0: Called Strike
1-1: Swinging Strike
1-2: Foul Ball, location: 2F
1-2: Foul Ball, location: 2F
1-2: Ball
2-2: Foul Ball, location: 2F
2-2: Strikes out swinging
Batting: RHB Matt Davidson 0-0: Called Strike
0-1: Foul Ball, location: 2F
0-2: Fly out, F8 (Flyball, 8RS)
Top of the 8th over - 0 run(s), 0 hit(s), 0 error(s), 0 left on base; Gresham 8 - Mexico City 14
BOTTOM OF THE 8TH
Mexico City Cerveceros batting - Pitching for Gresham Gold Souls : LHP Shawn Taylor
Batting: SHB Pancho Vásquez 0-0: Foul Ball, location: 2F
0-1: Ball
1-1: Foul Ball, location: 2F
1-2: SINGLE (Groundball, 4) (infield hit)
Batting: SHB George Adams 0-0: Ball
1-0: Called Strike
1-1: Ball
2-1: Called Strike
2-2: Ball
3-2: Foul Ball, location: 2F
3-2: Base on Balls
Pancho Vásquez to second
Batting: RHB Lee Price 0-0: Fly out, F9 (Flyball, 9LMF)
Runner from 2nd tags up, SAFE at 3rd with throw
Batting: RHB Ray Ervin 0-0: Ball
1-0: Called Strike
1-1: Foul Ball, location: 2F
1-2: Grounds into double play, 5-4-3 (Groundball, 56)
Bottom of the 8th over - 0 run(s), 1 hit(s), 0 error(s), 1 left on base; Gresham 8 - Mexico City 14
TOP OF THE 9TH
Gresham Gold Souls batting - Pitching for Mexico City Cerveceros : RHP Troy Hawkins
Batting: RHB Anthony Wells 0-0: Swinging Strike
0-1: Ball
1-1: Ground out 5-3 (Groundball, 56)
Batting: RHB David Kerr 0-0: Ball
1-0: SINGLE (Popup, 3)
Batting: SHB Jesús Sosa 0-0: Ball
1-0: Swinging Strike
1-1: Called Strike
1-2: Ball
2-2: Ball
3-2: Fly out, F9 (Line Drive, 89M)
Batting: RHB Tom Hughes 0-0: Ball
1-0: Called Strike
1-1: Ball
2-1: Ball
3-1: Foul Ball, location: 2F
3-2: Foul Ball, location: 2F
3-2: Foul Ball, location: 2F
3-2: Strikes out swinging
Top of the 9th over - 0 run(s), 1 hit(s), 0 error(s), 1 left on base; Gresham 8 - Mexico City 14
Tuesday, August 8th, 2017 - OOTP Baseball 17.12 Build 75